 Dungeon Crawl Stone Soup version 0.18-a0-1140-g8540535 (webtiles) character file.

5366 George the Carver (level 10, -5/86 HPs)
             Began as a Minotaur Fighter on Jan 21, 2016.
             Was an Elder of Okawaru.
             Slain by George's ghost (13 damage)
             ... on level 10 of the Dungeon.
             The game lasted 00:17:16 (8097 turns).

George the Carver (Minotaur Fighter)                Turns: 8097, Time: 00:17:16

Health: -5/86      AC: 21    Str: 23    XL:     10   Next: 39%
Magic:  11/13      EV: 12    Int:  5    God:    Okawaru [****..]
Gold:   593        SH: 16    Dex: 11    Spells: 0 memorised, 9 levels left

rFire  . . .     SeeInvis .     a - +1 long sword
rCold  . . .     Gourm    .     q - +0 plate armour
rNeg   . . .     Faith    .     c - +1 shield
rPois  .         Spirit   .     (helmet restricted)
rElec  .         Dismiss  .     u - +0 cloak
rCorr  .         Reflect  +     (no gloves)
SustAt .         Harm     .     N - +0 pair of boots
MR     .....                    C - +3 amulet of reflection
Stlth  ..........               V - +3 ring of evasion
                                o - +4 ring of protection

@: heroism, heavily drained, not resistant to hostile enchantments, extremely
unstealthy
A: retaliatory headbutt, horns 2
a: Heroism, Renounce Religion


You were on level 10 of the Dungeon.
You worshipped Okawaru.
Okawaru was greatly pleased with you.
You were not hungry.

You visited 2 branches of the dungeon, and saw 11 of its levels.

You collected 593 gold pieces.

Inventory:

Hand Weapons
 a - a +1 long sword (weapon)
 k - a cursed -1 rapier
Missiles
 K - a throwing net
 X - 5 javelins (quivered)
Armour
 c - a +1 shield (worn)
 q - a +0 plate armour (worn)
 u - a +0 cloak (worn)
 N - a +0 pair of boots (worn)
Jewellery
 o - a +4 ring of protection (left hand)
 C - a +3 amulet of reflection (around neck)
 V - a +3 ring of evasion (right hand)
Wands
 y - a wand of magic darts (19/48)
 F - a wand of confusion (17/48)
 T - a wand of fireball (8/15)
Scrolls
 h - 2 scrolls of teleportation
 j - 2 scrolls of fog
 z - a scroll of magic mapping
 J - 3 scrolls of remove curse
 Y - a scroll of enchant armour
Potions
 d - a potion of might
 g - 3 potions of heal wounds
 m - 5 potions of curing
 v - a potion of agility
 w - 2 potions of invisibility
 x - a potion of cure mutation
 D - a potion of flight
 E - a potion of haste
 S - a potion of cancellation
 W - 2 potions of resistance {unknown}
Miscellaneous
 Z - a phial of floods
Comestibles
 f - 8 bread rations
 s - 8 fruits
 B - a meat ration
 U - a chunk of flesh


   Skills:
 + Level 7.5(9.5) Fighting
 + Level 10.9(12.6) Long Blades
 + Level 7.9(9.9) Armour
 + Level 5.9(8.0) Dodging
 + Level 7.7(9.6) Shields
 + Level 5.5(3.0) Invocations


You had 9 spell levels left.
You didn't know any spells.

Dungeon Overview and Level Annotations

Branches:
Dungeon (10/15)            Temple (1/1) D:7             Orc (0/2) D:9
   Lair: D:8-11

Altars:
Ashenzari
Cheibriados
Dithmenos
Elyvilon
Fedhas
Gozag
Kikubaaqudgha
Makhleb
Nemelex Xobeh
Okawaru
Pakellas
Qazlal
Ru
Sif Muna
Trog
Vehumet
Xom
Yredelemnul
Zin
The Shining One

Annotations:
D:10 George's ghost, novice MiFi


Innate Abilities, Weirdness & Mutations

You reflexively headbutt those who attack you in melee.
You have a pair of horns on your head.


Message History

You slash George's ghost!
You headbutt George's ghost, but do no damage.
George's ghost is heavily damaged.
George's ghost hits you.
You feel drained.
You hit George's ghost.
George's ghost is heavily damaged.
You hit George's ghost but do no damage.
You headbutt George's ghost, but do no damage.
George's ghost is heavily damaged.
George's ghost hits you!
You feel drained.
You hit George's ghost.
George's ghost is heavily damaged.
George's ghost hits you!!
* * * LOW HITPOINT WARNING * * *
You feel drained.
* * * LOW HITPOINT WARNING * * *
You slash George's ghost! You headbutt George's ghost!
George's ghost is severely damaged.
George's ghost hits you!
You die...

#.## # #..#
#... ..... .
+...#.... ..
....#.. ...#
..... ###
..... ... ...#
......#.#....#
#...@W....#
#..#.#..###
.... ... ....
###. .....
.... # ..$....
... ..$......
.. #..........
# ##########+#


You could see George's ghost.

Vanquished Creatures
  The ghost of Borgoz the Ducker, a novice DDBe of Trog (D:6)
  Joseph (D:7)
  A centaur skeleton (D:7)
  A troll (D:9)
  A two-headed ogre (D:9)
  A spriggan (D:7)
  A hungry ghost (D:8)
  2 black bears
  An orc warrior (D:6)
  2 sky beasts (D:8)
  2 ice beasts
  4 ogres
  2 phantoms
  A centaur (D:8)
  A big kobold (D:7)
  8 giant frogs
  3 scorpions
  An electric eel (D:6)
  2 centaur zombies
  3 crimson imps
  A giant frog zombie (D:9)
  A quasit (D:6)
  Crazy Yiuf (D:2)
  3 hounds
  4 orc priests
  2 gnoll shamans (D:8)
  2 jellies
  2 giant frog skeletons
  10 worker ants
  4 iguanas
  6 orc wizards
  A hound skeleton (D:4)
  15 gnolls
  11 adders
  4 shadow imps
  2 oozes
  3 adder skeletons
  5 worms
  2 giant geckos
  29 orcs
  10 bats
  4 giant cockroaches
  8 goblins
  10 hobgoblins
  10 jackals
  3 quokkas
  2 ball pythons
  4 giant newts
  A jackal skeleton (D:4)
  13 kobolds
  6 rats
218 creatures vanquished.

Vanquished Creatures (others)
  A kobold (D:7)
1 creature vanquished.

Grand Total: 219 creatures vanquished

Notes
Turn   | Place    | Note
--------------------------------------------------------------
     0 | D:1      | George the Minotaur Fighter began the quest for the Orb.
     0 | D:1      | Reached XP level 1. HP: 19/19 MP: 0/0
    63 | D:1      | Reached XP level 2. HP: 21/26 MP: 1/1
   202 | D:1      | Reached skill level 4 in Long Blades
   521 | D:2      | Reached XP level 3. HP: 28/31 MP: 2/2
  1045 | D:2      | Found a shimmering altar of Xom.
  1061 | D:2      | Reached skill level 5 in Long Blades
  1244 | D:2      | Reached XP level 4. HP: 18/39 MP: 3/3
  1582 | D:2      | Noticed Crazy Yiuf
  1588 | D:2      | Killed Crazy Yiuf
  1634 | D:3      | Reached skill level 6 in Long Blades
  1731 | D:3      | Reached XP level 5. HP: 35/45 MP: 4/4
  2191 | D:3      | Reached skill level 7 in Long Blades
  2397 | D:4      | Reached XP level 6. HP: 46/51 MP: 5/5
  2510 | D:4      | Got an ebony whip
  2511 | D:4      | Identified the +3 whip "Mucsec" {antimagic, rElec Int-3 Dex+6 Stlth+} (You found it on level 4 of the Dungeon)
  2552 | D:4      | Reached skill level 8 in Long Blades
  2827 | D:4      | Found an iron altar of Okawaru.
  2860 | D:4      | Became a worshipper of Warmaster Okawaru
  3068 | D:5      | Entered Level 5 of the Dungeon
  3337 | D:5      | Found an opulent altar of Gozag.
  3419 | D:5      | Found a deep blue altar of Sif Muna.
  3422 | D:5      | Found a snail-covered altar of Cheibriados.
  3422 | D:5      | Found a glowing golden altar of the Shining One.
  3477 | D:6      | Reached skill level 9 in Long Blades
  3477 | D:6      | Reached XP level 7. HP: 45/58 MP: 6/6
  3574 | D:6      | Reached skill level 1 in Dodging
  3574 | D:6      | Reached skill level 1 in Invocations
  3635 | D:6      | Noticed Borgoz's ghost (novice DDBe)
  3688 | D:6      | Killed Borgoz's ghost
  3688 | D:6      | Reached * piety under Okawaru
  3688 | D:6      | Reached skill level 5 in Armour
  3688 | D:6      | Reached XP level 8. HP: 25/67 MP: 8/8
  3876 | D:6      | Reached skill level 5 in Fighting
  3876 | D:6      | Reached skill level 5 in Shields
  4186 | D:6      | Reached ** piety under Okawaru
  4291 | D:6      | Found a basalt altar of Yredelemnul.
  4390 | D:6      | Got a bone spear
  4391 | D:6      | Identified the cursed +0 spear "Nuli" {flame, rPois Dex+4} (You found it on level 6 of the Dungeon)
  4450 | D:6      | Found a shadowy altar of Dithmenos.
  4965 | D:6      | Reached XP level 9. HP: 69/75 MP: 10/10
  5064 | D:7      | Found an oddly glowing altar of Pakellas.
  5074 | D:7      | Found a sacrificial altar of Ru.
  5077 | D:7      | Found an ancient bone altar of Kikubaaqudgha.
  5165 | D:7      | Reached skill level 10 in Long Blades
  5260 | D:7      | Reached *** piety under Okawaru
  5297 | D:7      | Noticed Joseph
  5322 | D:7      | Killed Joseph
  5893 | D:7      | Found a staircase to the Ecumenical Temple.
  5926 | D:7      | Reached skill level 5 in Dodging
  6104 | Temple   | Entered the Ecumenical Temple
  6401 | D:8      | Found a shattered altar of Ashenzari.
  6420 | D:8      | Found an ancient bone altar of Kikubaaqudgha.
  6558 | D:8      | Reached skill level 5 in Invocations
  6567 | D:8      | Reached **** piety under Okawaru
  6607 | D:8      | Reached XP level 10. HP: 60/86 MP: 12/12
  6873 | D:8      | Found a burning altar of Makhleb.
  6937 | D:8      | Received a gift from Okawaru
  7107 | D:9      | Found a staircase to the Orcish Mines.
  7618 | D:9      | Found a sparkling altar of Nemelex Xobeh.
  7786 | D:9      | Found a blossoming altar of Fedhas.
  7935 | D:10     | Entered Level 10 of the Dungeon
  7935 | D:10     | Noticed George's ghost (novice MiFi)
  8097 | D:10     | Slain by George's ghost

Vault maps used:
D:1:      eino_arrival_druids_welcome
D:2:      lemuel_doored_altar, uniq_crazy_yiuf_cottage
D:4:      first_bread, okawaru_metal_pillars_3
D:5:      kennysheep_mini_moat, nicolae_overflow_hidden_temple,
          uniq_blork_the_orc
D:6:      yredelemnul_altar_generic, kennysheep_mini, minivault_14
D:7:      grunt_temple_overflow_open, temple_doors_e, the_bakery, uniq_joseph
D:8:      ashenzari_altar_1, lightli_temple_of_fire, basic_altar
D:9:      fedhas_altar_4, nemelex_xobeh_ov_fountains_minmay, orc_0_dummy
D:10:     st_stairs_14
Temple:   circular_temple_6

Action                   |  1- 3 |  4- 6 |  7- 9 | 10-12 || total
-------------------------+-------+-------+-------+-------++-------
Melee: Long sword        |   130 |   227 |   363 |   146 ||   866
       Spear             |       |       |    15 |       ||    15
Invok: Heroism           |       |       |       |     1 ||     1
Evoke: Wand              |       |       |     3 |       ||     3
  Use: Scroll            |       |       |    20 |     3 ||    23
 Stab: Distracted        |       |       |     1 |       ||     1
  Eat: Chunk             |     1 |     8 |     9 |     6 ||    24
       Fruit             |       |       |     1 |       ||     1
